 Dungeon Crawl Stone Soup version 0.19.4-8-ga85b6b9 (webtiles) character file.

97 empire the Cutter (level 4, -3/38 HPs)
             Began as a Draconian Monk on Feb 13, 2017.
             Was a Believer of Nemelex Xobeh.
             Slain by a wyvern (16 damage)
             ... summoned by the player character
             ... on level 3 of the Dungeon.
             The game lasted 00:06:36 (3134 turns).

empire the Cutter (Draconian Monk)                  Turns: 3134, Time: 00:06:37

Health: -3/38      AC:  5    Str: 14    XL:     4   Next: 42%
Magic:  4/4        EV: 13    Int: 10    God:    Nemelex Xobeh [**....]
Gold:   153        SH:  0    Dex: 14    Spells: 0 memorised, 3 levels left

rFire  + . .     SeeInvis .     a - +0 short sword
rCold  . . .     Gourm    .     (armour unavailable)
rNeg   . . .     Faith    .     (no shield)
rPois  +         Spirit   .     (helmet restricted)
rElec  .         Reflect  .     (no cloak)
rCorr  .         Harm     .     (no gloves)
MR     .....                    (no boots)
Stlth  ++........               j - amulet of magic regeneration
                                k - ring of poison resistance
                                i - ring of protection from fire

@: no status effects
A: unfitting armour, blurry vision 1, mutation resistance 1, sense surroundings
1, cold-blooded, AC +5
a: Renounce Religion


You were on level 3 of the Dungeon.
You worshipped Nemelex Xobeh.
Nemelex Xobeh was pleased with you.
You were very hungry.

You visited 1 branch of the dungeon, and saw 3 of its levels.

You collected 153 gold pieces.

Inventory:

Hand Weapons
 a - a +0 short sword (weapon)
 e - a cursed -2 whip
 h - a +0 dagger of venom
Armour
 c - a cursed +0 ring mail
Jewellery
 g - an uncursed amulet of harm {unknown}
 i - a ring of protection from fire (left hand)
 j - an amulet of magic regeneration (around neck)
 k - a ring of poison resistance (right hand)
Scrolls
 n - a scroll of blinking
Miscellaneous
 f - a plain deck of summoning {drawn: 3}
Comestibles
 b - 2 bread rations
 d - 2 meat rations


   Skills:
 + Level 3.2 Fighting
 + Level 4.1 Short Blades
 + Level 2.7 Dodging
 + Level 3.6 Stealth
 + Level 0.0 Invocations


You had 3 spell levels left.
You didn't know any spells.

Dungeon Overview and Level Annotations

Branches:
Dungeon (3/15)

Altars:
Hepliaklqana
Nemelex Xobeh
Uskayaw


Innate Abilities, Weirdness & Mutations

Your plain brown scales are hard. (AC +5)
You cannot fit into any form of body armour.
You are cold-blooded and may be slowed by cold attacks.
Scrolls take you a little longer to read.
You are somewhat resistant to further mutation.
You passively map a small area around you.


Message History

That item cannot be evoked!
Firing (i - inventory): No suitable missiles.
Press: ? - help, Shift-Dir - straight line, f - kobold
Aim: a kobold, wielding a dagger of electrocution and wearing a ring mail (severely wounded)
Okay, then.
Evoke which item? (* to show all) (? for menu, Esc to quit)
You draw a card...
It is Foxfire.
The kobold hits you with a dagger of electrocution.
Your wyvern bites the wyvern!
The wyvern closely misses you.
Evoke which item? (* to show all) (? for menu, Esc to quit)
You draw a card...
It is the Dance.
Your wyvern bites the kobold!
The kobold dies!
The wyvern closely misses you. The wyvern closely misses you.
Evoke which item? (* to show all) (? for menu, Esc to quit)
You draw a card...
It is the Rangers.
Your wyvern bites the wyvern!
The wyvern bites you!
You die...
Your body disappears without a glow.

.................................
....####................####....÷
...## ##................#...)....
....##.......##...........##.....
.......##...............##..<...#
.....#####.##....).##.[.##.#..###
....####...###.##l.........#..#
..........# ##.##l(...####..K.###
..........###..c@.c#.............
...##.....##...###c.........§....
#........>...#......######.......
#####.....#.......### #.....##.
#########'''########......##. ###
* ######...########......##.
..####*##§###...#§§.§.##.#....##.
..#..###§.§##.#.#§§§§.####....##.
..#.###§§§§.#...#§§§§§## #....##.


You could see a wyvern, 3 friendly yaktaurs, a friendly wyvern and a friendly
hand axe of venom.

Vanquished Creatures
  A gnoll (D:1)
  3 adders (D:2)
  4 worms
  3 giant cockroaches
  6 goblins
  6 hobgoblins
  4 kobolds
  2 quokkas (D:2)
  A ball python (D:2)
  6 bats
  7 frilled lizards
  6 rats
49 creatures vanquished.

Vanquished Creatures (collateral kills)
  A kobold (D:3)
1 creature vanquished.

Grand Total: 50 creatures vanquished

Notes
Turn   | Place    | Note
-------+----------+-------------------------------------------
     0 | D:1      | empire the Draconian Monk began the quest for the Orb.
     0 | D:1      | Reached XP level 1. HP: 19/19 MP: 1/1
   156 | D:1      | Reached XP level 2. HP: 14/26 MP: 2/2
   890 | D:2      | Noticed a dagger
   890 | D:2      | Noticed a dagger
   892 | D:2      | Found a hide-covered altar of Uskayaw.
  1015 | D:2      | Reached XP level 3. HP: 24/31 MP: 3/3
  1855 | D:2      | Reached skill level 4 in Short Blades
  1855 | D:2      | Reached XP level 4. HP: 38/38 MP: 4/4
  2248 | D:3      | Found a hazy altar of Hepliaklqana.
  2601 | D:3      | Gained mutation: Scrolls take you a little longer to read. [potion of mutation]
  2601 | D:3      | Gained mutation: You passively map a small area around you. [potion of mutation]
  2601 | D:3      | Gained mutation: You are somewhat resistant to further mutation. [potion of mutation]
  2975 | D:3      | Found a sparkling altar of Nemelex Xobeh.
  3109 | D:3      | Became a worshipper of Nemelex Xobeh the Trickster
  3109 | D:3      | Received a gift from Nemelex Xobeh
  3109 | D:3      | Reached * piety under Nemelex Xobeh
  3109 | D:3      | Reached ** piety under Nemelex Xobeh
  3129 | D:3      | Noticed a wyvern
  3134 | D:3      | Slain by a wyvern

Skill      XL: |  1  2  3 |
---------------+----------+-----
Stealth        | 2 3 |  3.6
Short Blades   | 4 |  4.1
Fighting       | |  3.2
Dodging        | |  2.7

Action                   |  1- 3 |  4- 6 || total
-------------------------+-------+-------++-------
Melee: Short sword       |   127 |    80 ||   207
       Tailslap          |    16 |    12 ||    28
Evoke: Deck              |       |     3 ||     3
  Use: Potion            |     1 |     3 ||     4
       Scroll            |       |     7 ||     7
 Stab: Sleeping          |     2 |     4 ||     6
  Eat: Chunk             |     3 |     3 ||     6
Armor: Skin              |    51 |    12 ||    63
Dodge: Dodged            |   116 |    47 ||   163
